 Dungeon Crawl Stone Soup version 0.27-a0-1416-g941b2bd30b (webtiles) character file.

Game seed: 15481266797902800198

223 mothramber the Cudgeller (level 5, 0/48 HPs)
             Began as a Minotaur Berserker on June 30, 2021.
             Was a Believer of Trog.
             Slain by a hound (2 damage)
             ... on level 4 of the Dungeon on July 2, 2021.
             The game lasted 00:24:15 (4547 turns).

mothramber the Cudgeller (Minotaur Berserker)       Turns: 4547, Time: 00:24:16

Health: 0/48       AC:  3    Str: 23    XL:     5   Next: 66%
Magic:  4/4        EV: 12    Int:  4    God:    Trog [**....]
Gold:   186        SH:  0    Dex:  9    Spells: 4/4 levels left

rFire    . . .     SeeInvis .   a - +1 mace
rCold    . . .     Faith    .   (no shield)
rNeg     . . .     Spirit   .   b - +1 animal skin
rPois    .         Reflect  .   (helmet restricted)
rElec    .         Harm     .   (no cloak)
rCorr    .         Rampage  .   (no gloves)
Will     .....                  (no boots)
Stlth    +.........             (no amulet)
HPRegen  0.16/turn              (no ring)
MPRegen  0.09/turn              (no ring)

@: no status effects
A: horns 2, retaliatory headbutt
a: Renounce Religion, Berserk, Trog's Hand


You were on level 4 of the Dungeon.
You worshipped Trog.
Trog was pleased with you.
You visited 1 branch of the dungeon, and saw 4 of its levels.

You collected 186 gold pieces.

Inventory:

Hand Weapons
 a - a +1 mace (weapon)
Missiles
 c - 69 stones
Armour
 b - a +1 animal skin (worn)
 d - a +0 ring mail
Scrolls
 f - a scroll of identify
 g - a scroll of teleportation
Potions
 e - a potion of degeneration {unknown}


   Skills:
 + Level 5.1 Fighting
 + Level 6.1 Maces & Flails
 + Level 2.7 Armour
 + Level 3.2 Dodging
 + Level 0.3 Stealth


You had 4 spell levels left.
You didn't know any spells.
Your spell library was empty.

Dungeon Overview and Level Annotations

Branches:
Dungeon (4/15)
 Temple: D:4-7

Altars:
Cheibriados

Shops:
D:3 :


Innate Abilities, Weirdness & Mutations

You have a pair of horns on your head.
You reflexively headbutt those who attack you in melee.


Message History

The hound misses you.
You hear some strange, mumbled words.
You are confused.
The hound closely misses you.
You hear some strange, mumbled words.
A puff of flame appears from out of thin air!
The puff of flame hits you!
The orc shouts!
Something hits you.
The orc priest hits you with a +0 short sword.
You barely miss the hound. The hound bites you but does no damage.
You hear some strange, mumbled words.
A puff of flame appears from out of thin air!
The puff of flame hits you. The hound closely misses you.
The orc priest hits you with a +0 short sword!
You hit the orc priest but do no damage.
You headbutt the orc priest.
The orc priest is lightly wounded.
The hound bites you.
You hear some strange, mumbled words.
A magic dart appears from out of thin air!
The magic dart hits you.
* * * LOW HITPOINT WARNING * * *
The orc priest begins to cast a cantrip, but forgets the words!
The hound completely misses you. Something hits you.
* * * LOW HITPOINT WARNING * * *
You are too confused!
You are too confused!
You sock the hound! Your headbutt misses the hound.
The hound is heavily wounded.
The hound misses you. Something hits you but does no damage.
The orc priest barely misses you.
You hear some strange, mumbled words.
A magic dart appears from out of thin air!
The magic dart hits you!
* * * LOW HITPOINT WARNING * * *
You miss something.
You feel less confused. The hound bites you.
You die...

#.#.#(#.## ........
# #.#.#.## .#
#......####.# #
#.......<...#
###'#..<.)......#
.............)..#
#......{h{......#
#......o@...........
#.#.#..o..?......###
# #.############.# #
.# #


You could see a hound, an orc priest and an orc.

Vanquished Creatures
  A water moccasin skeleton (D:4)
  An orc wizard (D:3)
  A hound skeleton (D:4)
  2 gnolls (D:1)
  4 adders (D:2)
  2 worms
  2 dart slugs
  6 orcs
  8 endoplasms
  A giant cockroach (D:2)
  8 goblins
  4 hobgoblins
  9 jackals
  A quokka (D:1)
  3 ball pythons
  7 bats
  3 frilled lizards
  4 kobolds
  5 rats
72 creatures vanquished.

Notes
Turn   | Place    | Note
-------+----------+-------------------------------------------
     0 | D:1      | mothramber the Minotaur Berserker began the quest for the
                  | Orb.
     0 | D:1      | Reached XP level 1. HP: 19/19 MP: 0/0
   279 | D:1      | Reached XP level 2. HP: 27/27 MP: 1/1
   302 | D:1      | Reached skill level 4 in Maces & Flails
   630 | D:1      | Found a faded altar of an unknown god.
   718 | D:1      | Reached XP level 3. HP: 33/33 MP: 2/2
  1608 | D:1      | Reached ** piety under Trog
  1931 | D:2      | Reached XP level 4. HP: 35/41 MP: 3/3
  2227 | D:2      | Reached skill level 5 in Maces & Flails
  2956 | D:3      | Upgraded the game from 0.27-a0-1378-gdefffd1ff6 to
                  | 0.27-a0-1416-g941b2bd30b
  3084 | D:3      | Found a snail-covered altar of Cheibriados.
  3137 | D:3      | Found Leaco's Book Shoppe.
  3740 | D:3      | Reached XP level 5. HP: 37/47 MP: 4/4
  4461 | D:4      | Reached skill level 5 in Fighting
  4461 | D:4      | Reached skill level 6 in Maces & Flails
  4546 | D:4      | HP: 1/48 [something/magic dart (8)]
  4547 | D:4      | Slain by a hound

Illustrated notes

Levels and vault maps discovered:
D:1:      wander_arrival_peaceful_grave, layout_loops_corners,
          hellmonk_ecumenical_altar_zigzags, kennysheep_nondescript,
          minivault_23
D:2:      layout_basic, grunt_ministairs_6
D:3:      layout_loops_ring, kennysheep_slug_shrine, serial_shops,
          nicolae_shop_waterfront
D:4:      layout_basic, ashenzari_altar_1, hangedman_abyss_or_decor_slice,
          st_stairs_13, minmay_misc_feat_rows, minmay_vboxes

Skill      XL: |  1  2  3  4  5 |
---------------+----------------+-----
Maces & Flails | 4 5 6 |  6.1
Fighting       | 4 5 |  5.1
Dodging        | 3 |  3.2
Armour         | |  2.7
Stealth        | |  0.3

Action                   |  1- 3 |  4- 6 || total
-------------------------+-------+-------++-------
Melee: Mace              |    74 |    95 ||   169
       Headbutt          |    12 |    15 ||    27
  Use: Scroll            |     3 |     3 ||     6
       Potion            |     1 |     1 ||     2
Armor: Animal skin       |    10 |    38 ||    48
Dodge: Dodged            |    57 |    78 ||   135

Table legend: (Time is in decaauts)
 A = Elapsed time spent in this place.
 B = Non-inter-level travel time spent in this place.
 C = Inter-level travel time spent in this place.
 D = Time resting spent in this place.
 E = Time spent auto-exploring this place.
 F = Levels seen in this place.
 G = Mean time per level.
                   A        B        C        D        E       F      G
               +--------+--------+--------+--------+--------+-----+--------+
         Total |   4579 |   4523 |     56 |   1715 |   1568 |   4 | 1144.8 |
       Dungeon |   4579 |   4523 |     56 |   1715 |   1568 |   4 | 1144.8 |
               +--------+--------+--------+--------+--------+-----+--------+

Top non-repeatable levels by time:
     D:1: 1836 daAuts
     D:3: 1496 daAuts
     D:2: 1136 daAuts
     D:4: 109 daAuts
